 Dungeon Crawl Stone Soup version 0.22-a0-282-gdd34a7d (webtiles) character file.

453 Amnesiac the Gusty (level 7, -1/60 HPs)
             Began as a Tengu Wizard on Mar 17, 2018.
             Was a Follower of Sif Muna.
             Slain by a howler monkey (3 damage)
             ... on level 4 of the Dungeon.
             The game lasted 00:06:15 (3609 turns).

Amnesiac the Gusty (Tengu Wizard)                   Turns: 3609, Time: 00:06:16

Health: -1/60      AC: 23    Str:  7 (8)  XL:     7   Next: 5%
Magic:  0/14       EV:  2    Int: 19 (20) God:    Sif Muna [*.....]
Gold:   236        SH:  0    Dex: 11 (12) Spells: 2/14 levels left

rFire    . . .     SeeInvis .   g - +2 whip (elec)
rCold    . . .     Gourm    .   (no shield)
rNeg     + + +     Faith    +   (armour currently unavailable)
rPois    +         Spirit   .   (helmet currently unavailable)
rElec    .         Reflect  .   (cloak currently unavailable)
rCorr    .         Harm     .   (gloves currently unavailable)
MR       .....     NoTele   +   (boots unavailable)
Stlth    ++........             f - amulet of faith
HPRegen  0.20/turn              (no ring)
MPRegen  0.14/turn              (no ring)

@: tree-form, divine energy
A: able to fly 1
a: Fly, Stop Divine Energy, Renounce Religion


You were on level 4 of the Dungeon.
You worshipped Sif Muna.
Sif Muna was aware of your devotion.
You were not hungry.
You were a tree.
You visited 1 branch of the dungeon, and saw 4 of its levels.

You collected 236 gold pieces.

Inventory:

Hand Weapons
 g - a +2 whip of electrocution (weapon)
Armour
 a - a +0 robe
 b - a +0 hat (melded)
 e - a +0 leather armour (melded)
Jewellery
 f - an amulet of faith (around neck)
 q - an uncursed amulet of guardian spirit {unknown}
Scrolls
 c - a scroll of amnesia {!r, unknown}
 h - a scroll of remove curse {!r}
 i - a scroll of magic mapping {!r, unknown}
 j - a scroll of identify {!r}
 l - a scroll of enchant weapon {!r}
 o - a scroll of fear {!r, unknown}
Potions
 k - a potion of brilliance {!q}
 m - a potion of magic {!q}
 r - a potion of lignification {!q}
Comestibles
 d - 6 rations
 p - 4 chunks of flesh


   Skills:
 - Level 2.1 Fighting
 - Level 2.5 Dodging
 - Level 2.0 Stealth
 + Level 4.1 Spellcasting
 - Level 5.0 Conjurations
 - Level 1.2 Summonings
 - Level 0.7 Translocations
 - Level 5.4 Air Magic


You had 2 spell levels left.
You knew the following spells:

 Your Spells              Type           Power        Failure   Level  Hunger
a - Magic Dart            Conj           ###.         1%          1    None
b - Call Imp              Summ           #.......     12%         2    ##.....
c - Summon Butterflies    Summ           #.......     9%          1    None
e - Mephitic Cloud        Conj/Pois/Air  ###.....     10%         3    ###....
s - Conjure Flame         Conj/Fire      ##......     14%         3    ###....
v - Blink                 Tloc           N/A          16%         2    ##.....


Dungeon Overview and Level Annotations

Branches:
Dungeon (4/15)             Temple (0/1) D:4

Altars:
Kikubaaqudgha
Nemelex Xobeh
Qazlal
Sif Muna
Vehumet

Annotations:
D:3 Arum's ghost, amateur GrFi


Innate Abilities, Weirdness & Mutations

((You have a beak for a mouth.))
((You have claws for feet.))
You can fly.


Message History

Aiming: Mephitic Cloud (safe; 13% risk of failure)
Press: ? - help, Shift-Dir - straight line, f/p - jackal
Aim: a jackal (heavily wounded)
The ball explodes into a vile cloud!
The stinking cloud engulfs the jackal.
The jackal is heavily wounded.
The stinking cloud engulfs the howler monkey.
Sif Muna grants you divine energy.
You briefly lose access to your magic!
The jackal is engulfed in noxious fumes.
The jackal appears confused.
The jackal bites the howler monkey.
The howler monkey hoots and howls with incredible vigour!
The jackal is engulfed in noxious fumes.
The jackal appears confused.
You kill the jackal!
Sif Muna accepts your kill.
You hit the howler monkey.
Lightning courses through the howler monkey!
The howler monkey is heavily wounded.
The howler monkey hoots and howls with incredible vigour!
The howler monkey barely misses you.
You hit the howler monkey but do no damage.
You peck the howler monkey.
The howler monkey is severely wounded.
You regain access to your magic.
The howler monkey hits you.
* * * LOW HITPOINT WARNING * * *
You are too injured to fight recklessly!
Casting: Mephitic Cloud (safe; 13% risk of failure)
Confirm with . or Enter, or press ? or * to list all spells.
Aiming: Magic Dart (safe; 2% risk of failure)
Press: ? - help, Shift-Dir - straight line, f - howler monkey
Aim: a howler monkey (severely wounded, catching its breath)
The magic dart hits the howler monkey.
The howler monkey is severely wounded.
The howler monkey hits you.
* * * LOW HITPOINT WARNING * * *
Casting: Magic Dart (safe; 2% risk of failure)
Confirm with . or Enter, or press ? or * to list all spells.
Aiming: Magic Dart (safe; 2% risk of failure)
Press: ? - help, Shift-Dir - straight line, f/p - howler monkey
Aim: a howler monkey (severely wounded, catching its breath)
The magic dart hits the howler monkey.
The howler monkey is severely wounded.
Sif Muna grants you divine energy.
You briefly lose access to your magic!
The howler monkey hits you.
* * * LOW HITPOINT WARNING * * *
You are unable to access your magic!
Really quaff
r - 2 fizzy cyan potions {!q}?
It was a potion of lignification {!q}.
You turn into a tree.
Your roots penetrate the ground.
The howler monkey hits you but does no damage. x2
Really quaff
n - a metallic inky potion {!q}?
It was a potion of degeneration {!q}.
There was something very wrong with that liquid.
You feel weakened.
You feel dopey.
You feel clumsy.
The howler monkey hits you but does no damage.
You closely miss the howler monkey.
The howler monkey is severely wounded.
You regain access to your magic.
The howler monkey hits you but does no damage.
You hit the howler monkey.
The howler monkey is almost dead.
The howler monkey hits you.
You die...

##.#....# . >..#....#######...
...'..................+
#'##........h.........#
.............##'#.........#'
............# .#...........
............# .+...........
.......###h## ##...........
#......#..♣## #...........
#......#....# #.....##'###
#......#....# #.....#.....
#####......#..######.....'.....
#.....#'####..#..........##'##.
#.....#..)....#....)######..##.
#.....#..#)...#.....#...'......
###.....#..#....#.....#...#......
........##.##.###.....#...##..##.


You could see a howler monkey.

Vanquished Creatures
  A sky beast (D:3)
  An ogre (D:4)
  2 orc priests (D:4)
  2 orc wizards (D:4)
  3 gnolls
  3 adders
  3 worms
  4 dart slugs
  4 leopard geckos
  9 orcs (D:4)
  A ball python (D:1)
  12 bats
  3 giant cockroaches
  7 goblins
  6 hobgoblins
  6 jackals
  4 kobolds
  A quokka (D:3)
  8 frilled lizards
  A quokka skeleton (D:4)
  9 rats
90 creatures vanquished.

Notes
Turn   | Place    | Note
-------+----------+-------------------------------------------
     0 | D:1      | Amnesiac the Tengu Wizard began the quest for the Orb.
     0 | D:1      | Reached XP level 1. HP: 10/10 MP: 5/5
   132 | D:1      | Reached skill level 1 in Fighting
   132 | D:1      | Reached XP level 2. HP: 16/16 MP: 5/7
   151 | D:1      | Learned a level 2 spell: Call Imp
   154 | D:1      | Learned a level 2 spell: Blink
   292 | D:1      | Reached XP level 3. HP: 8/21 MP: 8/8
   338 | D:1      | Learned a level 3 spell: Mephitic Cloud
   957 | D:2      | Reached XP level 4. HP: 4/26 MP: 2/9
  1410 | D:2      | Reached skill level 5 in Conjurations
  1588 | D:2      | Found a radiant altar of Vehumet.
  1592 | D:2      | Gained mutation: You can fly. [Tengu growth]
  1592 | D:2      | Reached XP level 5. HP: 30/30 MP: 4/10
  1594 | D:2      | Found an ancient bone altar of Kikubaaqudgha.
  1595 | D:2      | Found a deep blue altar of Sif Muna.
  1603 | D:2      | Identified Sif Muna's Disquisition on Summoning
  1657 | D:2      | Became a worshipper of Sif Muna the Loreminder
  1920 | D:3      | Noticed Arum's ghost (amateur GrFi)
  1944 | D:3      | Reached skill level 1 in Air Magic
  2184 | D:3      | Found a stormy altar of Qazlal.
  2310 | D:3      | Found a sparkling altar of Nemelex Xobeh.
  2522 | D:4      | Noticed an ogre
  2531 | D:4      | Killed an ogre
  2531 | D:4      | Reached XP level 6. HP: 19/35 MP: 1/12
  2536 | D:4      | Learned a level 3 spell: Conjure Flame
  2599 | D:4      | Reached * piety under Sif Muna
  2667 | D:4      | Found a staircase to the Ecumenical Temple.
  3423 | D:4      | Noticed a sky beast
  3503 | D:3      | Killed a sky beast
  3503 | D:3      | Reached skill level 5 in Air Magic
  3503 | D:3      | Reached XP level 7. HP: 16/40 MP: 0/14
  3597 | D:4      | Learned a level 1 spell: Summon Butterflies
  3605 | D:4      | HP: 1/40 [howler monkey (3)]
  3609 | D:4      | Slain by a howler monkey

Vault maps used:
D:1:      matt_arrival_los_fun
D:2:      grunt_temple_overflow_magic_moments
D:3:      nemelex_xobeh_ov_fountains_minmay, old_standard_altar
D:4:      grunt_temple_overflow_holy_war, minmay_temple_entry_statues_pillars

Skill      XL: |  1  2  3  4  5  6 |
---------------+-------------------+-----
Conjurations   | 2 4 5 |  5.0
Fighting       | 1 2 |  2.1
Air Magic      | 3 5 |  5.4
Spellcasting   | 4 |  4.1
Dodging        | |  2.5
Stealth        | |  2.0
Summonings     | |  1.2
Translocations | |  0.7

Action                   |  1- 3 |  4- 6 |  7- 9 || total
-------------------------+-------+-------+-------++-------
Melee: Kick              |     5 |     4 |       ||     9
       Unarmed           |     3 |       |       ||     3
       Whip              |    39 |    36 |     5 ||    80
       Peck              |     4 |     4 |     1 ||     9
 Cast: Magic Dart        |    41 |    94 |    14 ||   149
       Blink             |       |     7 |       ||     7
       Call Imp          |       |     2 |       ||     2
       Mephitic Cloud    |       |     5 |     1 ||     6
       Conjure Flame     |       |     4 |       ||     4
Invok: Divine Energy     |       |       |     1 ||     1
  Use: Scroll            |       |     4 |       ||     4
       Potion            |       |     4 |     2 ||     6
 Stab: Sleeping          |     2 |     1 |       ||     3
       Confused          |       |     2 |       ||     2
  Eat: Chunk             |       |     5 |     1 ||     6
       Ration            |       |     1 |       ||     1
Armor: Robe              |    15 |    27 |       ||    42
       Leather armour    |       |     2 |     1 ||     3
       Skin              |       |       |     4 ||     4
Dodge: Dodged            |    36 |    65 |     5 ||   106

Table legend:
 A = Spawn XP
 B = Non-spawn XP
 C = Spawn XP percentage of total XP
 D = Spawn monster count
 E = Non-spawn monster count
 F = Spawn count percentage of total count
 G = Total turns spent on level
                    A         B        C        D         E        F      G
               +---------+---------+-------+---------+---------+-------+---------
         Total |       0 |     648 |   0.0 |       0 |      90 |   0.0 |  3609
               +---------+---------+-------+---------+---------+-------+---------
           D:1 |       0 |      73 |   0.0 |       0 |      34 |   0.0 |   926
           D:2 |       0 |      94 |   0.0 |       0 |      24 |   0.0 |   818
           D:3 |       0 |     169 |   0.0 |       0 |      12 |   0.0 |   822
           D:4 |       0 |     312 |   0.0 |       0 |      20 |   0.0 |  1043
               +---------+---------+-------+---------+---------+-------+---------
